 Dungeon Crawl Stone Soup version 0.26.1-11-gd32895ea62 (webtiles) character file.

Game seed: 3094243712979486502

117 Almogavar the Conjurer (level 5, 0/37 HPs)
             Began as a Gnoll Wanderer on July 11, 2021.
             Killed by divine providence
             ... invoked by an orc priest
              (11 damage)
             ... on level 3 of the Dungeon.
             The game lasted 00:09:06 (2649 turns).

Almogavar the Conjurer (Gnoll Wanderer)             Turns: 2649, Time: 00:09:07

Health: 0/37       AC:  3    Str: 16    XL:     5   Next: 1%
Magic:  11/12      EV: 11    Int: 17    God:
Gold:   93         SH:  0    Dex: 11    Spells: 13/14 levels left

rFire    . . .     SeeInvis .   y - +0 falchion
rCold    . . .     Faith    .   (no shield)
rNeg     . . .     Spirit   .   u - +0 leather armour
rPois    .         Reflect  .   (no helmet)
rElec    .         Harm     .   (no cloak)
rCorr    .         Rampage  .   (no gloves)
Will     .....                  (no boots)
Stlth    +.........             (no amulet)
HPRegen  0.12/turn              h - ring of flight
MPRegen  0.13/turn              (no ring)

@: no status effects
A: distributed training, fangs 1, strong nose
a: Evoke Flight


You were on level 3 of the Dungeon.
You visited 1 branch of the dungeon, and saw 3 of its levels.

You collected 93 gold pieces.

Inventory:

Hand Weapons
 q - a +0 hunting sling
 y - a +0 falchion (weapon)
Missiles
 e - 79 arrows
 j - 2 curare-tipped darts
 p - 11 boomerangs (quivered)
 r - 92 stones
 s - 13 poisoned darts
 w - 18 bolts
Armour
 c - a +0 kite shield
 f - a +0 scale mail
 u - a +0 leather armour (worn)
Jewellery
 h - a ring of flight (left hand)
Wands
 v - a wand of digging (8)
Scrolls
 g - 2 scrolls of immolation {unknown}
 i - a scroll of fog {unknown}
 k - a scroll of random uselessness {unknown}
 l - a scroll of teleportation {unknown}
 m - a scroll of identify {unknown}
 n - 2 scrolls of remove curse {unknown}
 o - a scroll of enchant armour {unknown}
 t - a scroll of enchant weapon {unknown}
Potions
 b - a potion of curing
 x - a potion of lignification {unknown}
 z - a potion of attraction {unknown}


   Skills:
 + Level 1.3 Fighting
 + Level 1.3 Short Blades
 + Level 1.3 Long Blades
 + Level 1.3 Axes
 + Level 1.3 Maces & Flails
 + Level 1.3 Polearms
 + Level 1.3 Staves
 + Level 1.3 Slings
 + Level 1.3 Bows
 + Level 1.3 Crossbows
 + Level 2.8 Throwing
 + Level 1.3 Armour
 + Level 1.3 Dodging
 + Level 1.3 Stealth
 + Level 1.3 Shields
 + Level 1.3 Unarmed Combat
 + Level 5.1 Spellcasting
 + Level 5.5 Conjurations
 + Level 1.0 Hexes
 + Level 1.0 Summonings
 + Level 1.0 Necromancy
 + Level 1.0 Translocations
 + Level 1.0 Transmutations
 + Level 1.0 Fire Magic
 + Level 3.9 Ice Magic
 + Level 2.3 Air Magic
 + Level 1.0 Earth Magic
 + Level 1.0 Poison Magic
 + Level 1.4 Invocations
 + Level 2.8 Evocations


You had 13 spell levels left.
You knew the following spells:

 Your Spells              Type           Power        Failure   Level
a - Magic Dart            Conj           92%          1%          1

Your spell library contained the following spells:

 Spells                   Type           Power        Failure   Level
 Conjure Flame            Conj/Fire      15%          13%         3
 Dazzling Flash           Conj/Hex       30%          13%         3
 Mephitic Cloud           Conj/Pois/Air  14%          16%         3
 Blink                    Tloc           N/A          17%         2
 Call Imp                 Summ           8%           17%         2
 Slow                     Hex            8%           17%         2


Dungeon Overview and Level Annotations

Branches:
Dungeon (3/15)

Altars:

Annotations:
D:3 1 runed translucent door, KamiKatze's ghost, amateur KoBe


Innate Abilities, Weirdness & Mutations

Your experience applies equally to all skills.
You have very sharp teeth.
Your uncanny sense of smell can sniff out nearby items.


Message History

Okay, then.
The orc priest mumbles some strange prayers to Beogh against you.
Beogh smites you!
* * * LOW HITPOINT WARNING * * *
Casting: Magic Dart (safe; 1% risk of failure)
Confirm with . or Enter, or press ? or * to list all spells.
Aiming: Magic Dart (safe; 1% risk of failure)
Press: ? - help, Shift-Dir - straight line, f/p - orc wizard
Aim: an orc wizard, wielding a +0 dagger and wearing a +0 robe (severely wounded, 0% to evade)
The magic dart hits the orc.
The orc is moderately wounded.
The orc barely misses you.
You riposte.
You hit the orc but do no damage. You punch the orc, but do no damage.
The orc is moderately wounded.
Okay, then.
Okay, then.
You feel better.
The orc priest calls down the wrath of Beogh upon you.
Beogh smites you!
You die...

#.##.#. #.##.֠ #.####)
#.# #) #.####) #......
#########.
###############.........
#..oooo@......#.#######.
#.###########)#.# #.
#.#.### #. #.#...### #.
#.#.....# #.
######.#.....###.
#......[.........
...######.....###.
#.....# ##


You could see an orc priest, an orc wizard and 2 orcs.

Vanquished Creatures
  Jessica (D:2)
  A gnoll (D:1)
  An adder (D:2)
  An ooze (D:2)
  2 dart slugs
  2 leopard geckos (D:1)
  5 orcs (D:3)
  2 giant cockroaches
  5 goblins
  4 hobgoblins
  14 jackals
  7 bats
  3 frilled lizards
  2 kobolds
  4 rats
54 creatures vanquished.

Notes
Turn   | Place    | Note
-------+----------+-------------------------------------------
     0 | D:1      | Almogavar the Gnoll Wanderer began the quest for the Orb.
     0 | D:1      | Almogavar set off with the following items: a +0 club, a
                  | potion of curing, a +0 robe; and the following spell
                  | memorised: Magic Dart; and the following spells available
                  | to memorise: Conjure Flame, Dazzling Flash, Mephitic Cloud,
                  | Blink, Call Imp, Slow
     0 | D:1      | Reached XP level 1. HP: 13/13 MP: 6/6
   231 | D:1      | Reached XP level 2. HP: 19/19 MP: 1/7
   545 | D:1      | Reached skill level 5 in Spellcasting
   545 | D:1      | Reached XP level 3. HP: 6/25 MP: 1/9
  1303 | D:2      | Reached skill level 1 in Invocations
  1592 | D:2      | Reached skill level 1 in Fighting
  1592 | D:2      | Reached skill level 1 in Short Blades
  1592 | D:2      | Reached skill level 1 in Long Blades
  1592 | D:2      | Reached skill level 1 in Axes
  1592 | D:2      | Reached skill level 1 in Maces & Flails
  1592 | D:2      | Reached skill level 1 in Polearms
  1592 | D:2      | Reached skill level 1 in Staves
  1592 | D:2      | Reached skill level 1 in Slings
  1592 | D:2      | Reached skill level 1 in Bows
  1592 | D:2      | Reached skill level 1 in Crossbows
  1592 | D:2      | Reached skill level 1 in Armour
  1592 | D:2      | Reached skill level 1 in Dodging
  1592 | D:2      | Reached skill level 1 in Stealth
  1592 | D:2      | Reached skill level 1 in Shields
  1592 | D:2      | Reached skill level 1 in Unarmed Combat
  1603 | D:2      | Noticed Jessica
  1616 | D:2      | Killed Jessica
  1617 | D:2      | Reached XP level 4. HP: 32/32 MP: 0/11
  1988 | D:2      | Found a faded altar of an unknown god.
  2086 | D:2      | Reached skill level 1 in Hexes
  2086 | D:2      | Reached skill level 1 in Summonings
  2086 | D:2      | Reached skill level 1 in Necromancy
  2086 | D:2      | Reached skill level 1 in Translocations
  2086 | D:2      | Reached skill level 1 in Transmutations
  2086 | D:2      | Reached skill level 1 in Fire Magic
  2086 | D:2      | Reached skill level 1 in Earth Magic
  2086 | D:2      | Reached skill level 1 in Poison Magic
  2277 | D:3      | Noticed KamiKatze's ghost (amateur KoBe)
  2279 | D:3      | Found a runed translucent door.
  2543 | D:3      | Reached XP level 5. HP: 37/37 MP: 9/12
  2649 | D:3      | Killed from afar by an orc priest

Illustrated notes

Levels and vault maps discovered:
D:1:      dpeg_arrival_concentric_ovals, layout_basic, serial_bayou_pond_a
D:2:      layout_loops_ring, serial_rivers, chequers_serial_rivers_small_a,
          chequers_serial_rivers_room_a, chequers_serial_rivers_small_a,
          chequers_serial_rivers_micro_d, chequers_ecumenical_altar_simple,
          uniq_jessica
D:3:      layout_loops_ring, dancing_weapons_uskayaw,
          hellmonk_ghost_happy_afterlife, serial_bayou_pond_e, uniq_ijyb

Skill      XL: |  1  2  3  4 |
---------------+-------------+-----
Air Magic      | 2 |  2.3
Spellcasting   | 5 |  5.1
Invocations    | 1 |  1.4
Fighting       | 1 |  1.3
Short Blades   | 1 |  1.3
Long Blades    | 1 |  1.3
Axes           | 1 |  1.3
Maces & Flails | 1 |  1.3
Polearms       | 1 |  1.3
Staves         | 1 |  1.3
Slings         | 1 |  1.3
Bows           | 1 |  1.3
Crossbows      | 1 |  1.3
Armour         | 1 |  1.3
Dodging        | 1 |  1.3
Stealth        | 1 |  1.3
Shields        | 1 |  1.3
Unarmed Combat | 1 |  1.3
Hexes          | 1 |  1.0
Summonings     | 1 |  1.0
Necromancy     | 1 |  1.0
Translocations | 1 |  1.0
Transmutations | 1 |  1.0
Fire Magic     | 1 |  1.0
Earth Magic    | 1 |  1.0
Poison Magic   | 1 |  1.0
Throwing       | |  2.8
Conjurations   | |  5.5
Ice Magic      | |  3.9
Evocations     | |  2.8

Action                   |  1- 3 |  4- 6 || total
-------------------------+-------+-------++-------
Melee: Club              |     7 |     9 ||    16
       Bite              |     1 |       ||     1
       Falchion          |       |     2 ||     2
       Punch             |       |     1 ||     1
 Cast: Magic Dart        |    74 |    43 ||   117
  Use: Potion            |       |     1 ||     1
Armor: Robe              |     3 |     4 ||     7
       Leather armour    |       |     1 ||     1
Dodge: Dodged            |    20 |    22 ||    42
       Rpst.: Falchion   |       |     1 ||     1
